 Dungeon Crawl Stone Soup version 0.19.4 (webtiles) character file.

121 JeffiDaFish the Stinger (level 4, 0/31 HPs)
             Began as a Demonspawn Venom Mage on Feb 4, 2017.
             Killed from afar by Ijyb (19 damage)
             ... with a wand of lightning
             ... on level 2 of the Dungeon.
             The game lasted 00:06:36 (2079 turns).

JeffiDaFish the Stinger (Demonspawn Venom Mage)     Turns: 2079, Time: 00:06:36

Health: 0/31       AC:  6    Str:  9    XL:     4   Next: 76%
Magic:  0/8        EV: 12    Int: 16    God:
Gold:   68         SH:  0    Dex: 16    Spells: 2 memorised, 4 levels left

rFire  . . .     SeeInvis .     j - +4 flail (protect)
rCold  . . .     Gourm    .     g - +1 leather armour
rNeg   . . .     Faith    .     (no shield)
rPois  .         Spirit   +     m - +0 helmet
rElec  .         Reflect  .     a - +0 cloak
rCorr  .         Harm     .     (no gloves)
MR     .....                    (no boots)
Stlth  ++........               (no amulet)
                                (no ring)
                                d - +2 ring of dexterity

@: no status effects
A: powered by death 1, magic shield
a: no special abilities


You were on level 2 of the Dungeon.
You were not hungry.

You visited 1 branch of the dungeon, and saw 2 of its levels.

You collected 68 gold pieces.

Inventory:

Hand Weapons
 j - a +4 flail of protection (weapon)
Armour
 a - a +0 cloak (worn)
 g - a +1 leather armour (worn)
 m - a +0 helmet (worn)
Jewellery
 d - a +2 ring of dexterity (left hand)
Scrolls
 e - 2 scrolls of identify
Potions
 i - a potion of heal wounds
Books
 b - a Young Poisoner's Handbook

   Spells                             Type                      Level
   a - Sting                          Conjuration/Poison           1
   b - Mephitic Cloud                 Conjuration/Poison/Air       3
   c - Olgreb's Toxic Radiance        Poison                       4
   d - Alistair's Intoxication        Transmutation/Poison         5
   e - Venom Bolt                     Conjuration/Poison           5
Comestibles
 c - 3 bread rations
 f - a chunk of flesh
 h - a beef jerky
 k - 2 meat rations


   Skills:
 + Level 0.8 Fighting
 + Level 0.6 Maces & Flails
 + Level 2.1 Dodging
 + Level 2.3 Stealth
 * Level 2.7 Spellcasting
 * Level 1.2 Conjurations
 * Level 1.0 Air Magic
 + Level 4.5 Poison Magic


You had 4 spell levels left.
You knew the following spells:

 Your Spells              Type           Power        Failure   Level  Hunger
a - Sting                 Conj/Pois      ##..         10%         1    #......
b - Mephitic Cloud        Conj/Pois/Air  #.......     38%         3    ###....


Dungeon Overview and Level Annotations

Branches:
Dungeon (2/15)

Altars:

Annotations:
D:2 Ijyb


Innate Abilities, Weirdness & Mutations

You regenerate a little health from kills.
When hurt, damage is shared between your health and your magic reserves.


Message History

Crazy Yiuf counts something out on his fingers.
You sock Crazy Yiuf!
You kill Crazy Yiuf!
Your Air Magic skill increases to level 1!
Some of the chunks of flesh in your inventory have rotted away.
Things that are here:
a quarterstaff of chaos; a cloak You start resting.
Eating one of 2 chunks of flesh.
You start eating one of the 2 chunks of flesh.
This raw flesh tastes terrible.
Your magical contamination has completely faded away.
There is an open door here.
There is a stone staircase leading down here.
Magic restored.
There is a stone staircase leading down here.
Ijyb shouts!
Ijyb screams, "No!
No, no, no, no!"
Ijyb zaps a wand.
The bolt of lightning hits you! x2
Ouch! That really hurt!
You die...

#.##.# ####.## #.# #.######
#.##.... ..# #.# #....... #####.#
.# ##.####.#####.######
......##..#####.............# #
.................#.....###..#####
#.# ##..#............... #.#
.##.##..#.....###..##### #.#
..g...........# #..# # #.#
##@#####.# #..# # #.# #.# #.#
#..##### #.# #.# #.# #....... #.#
#.# #.# ##.##### #.#
#.#####.####.# #.# #........<...#
#.# #######>###### #.# #.# #.###
#.#


You could see Ijyb.

Vanquished Creatures
  Crazy Yiuf (D:2)
  Terence (D:2)
  Robin (D:2)
  An ooze (D:1)
  4 dart slugs
  A leopard gecko (D:1)
  6 bats
  4 giant cockroaches
  10 goblins
  4 hobgoblins
  3 kobolds
  2 ball pythons (D:1)
  5 frilled lizards
  4 rats
47 creatures vanquished.

Notes
Turn   | Place    | Note
-------+----------+-------------------------------------------
     0 | D:1      | JeffiDaFish the Demonspawn Venom Mage began the quest for the Orb.
     0 | D:1      | Reached XP level 1. HP: 13/13 MP: 3/3
   275 | D:1      | Gained mutation: When hurt, damage is shared between your health and your magic reserves. [demonic ancestry]
   275 | D:1      | Reached XP level 2. HP: 19/19 MP: 1/5
  1001 | D:1      | Reached XP level 3. HP: 13/24 MP: 0/6
  1006 | D:1      | Learned a level 3 spell: Mephitic Cloud
  1209 | D:2      | Noticed Terence
  1237 | D:2      | Killed Terence
  1329 | D:2      | Noticed Ijyb
  1533 | D:2      | Noticed Robin
  1549 | D:2      | Gained mutation: You regenerate a little health from kills. [demonic ancestry]
  1549 | D:2      | Reached XP level 4. HP: 21/31 MP: 1/7
  1563 | D:2      | Killed Robin
  1815 | D:2      | Reached skill level 1 in Conjurations
  1854 | D:2      | Found a runed door.
  1996 | D:2      | Noticed Crazy Yiuf
  2004 | D:2      | Killed Crazy Yiuf
  2004 | D:2      | Reached skill level 1 in Air Magic
  2079 | D:2      | Killed from afar by Ijyb

Skill      XL: |  1  2  3  4 |
---------------+-------------+-----
Stealth        | 2 |  2.3
Dodging        | 2 |  2.1
Conjurations   | 1 |  1.2
Air Magic      | 1 |  1.0
Fighting       | |  0.8
Maces & Flails | |  0.6
Spellcasting   | |  2.7
Poison Magic   | |  4.5

Action                   |  1- 3 |  4- 6 || total
-------------------------+-------+-------++-------
Melee: Unarmed           |     5 |       ||     5
       Whip              |    31 |       ||    31
       Flail             |    15 |    33 ||    48
 Cast: Sting             |    44 |     3 ||    47
       Mephitic Cloud    |     2 |     1 ||     3
  Use: Scroll            |     2 |     2 ||     4
       Potion            |     2 |       ||     2
 Stab: Confused          |       |     2 ||     2
       Sleeping          |       |     1 ||     1
  Eat: Chunk             |     3 |     2 ||     5
Armor: Leather armour    |    11 |    15 ||    26
Dodge: Dodged            |    44 |    28 ||    72
